 Dungeon Crawl Stone Soup version 0.23.2-1-ga50397a (webtiles) character file.

Game seed: 6428155441198255720

448 Fang the Skirmisher (level 7, 0/66 HPs)
             Began as a Gargoyle Berserker on Apr 16, 2019.
             Was a Priest of Trog.
             Slain by an ogre
             ... wielding a +0 giant club
              (17 damage)
             ... on level 4 of the Dungeon.
             The game lasted 00:03:50 (3464 turns).

Fang the Skirmisher (Gargoyle Berserker)            Turns: 3464, Time: 00:03:50

Health: 0/66       AC:  7    Str: 28    XL:     7   Next: 3%
Magic:  7/7        EV: 13    Int:  7    God:    Trog [***...]
Gold:   208        SH:  0    Dex:  9    Spells: 6/6 levels left

rFire    . . .     SeeInvis .   a - +0 hand axe
rCold    . . .     Gourm    .   (no shield)
rNeg     + . .     Faith    .   b - +0 animal skin
rPois    ∞         Spirit   .   (no helmet)
rElec    +         Reflect  .   (no cloak)
rCorr    .         Harm     .   (no gloves)
MR       .....                  (no boots)
Stlth    ..........             (no amulet)
HPRegen  0.21/turn              e - ring of flight
MPRegen  0.10/turn              (no ring)

@: berserking, very quick
A: negative energy resistance 1, electricity resistance, unbreathing,
petrification resistance, rot immunity, AC +4
a: Berserk, Trog's Hand, Renounce Religion, Evoke Flight


You were on level 4 of the Dungeon.
You worshipped Trog.
Trog was most pleased with you.
You were hungry.

You visited 1 branch of the dungeon, and saw 4 of its levels.

You collected 208 gold pieces.

Inventory:

Hand Weapons
 a - a +0 hand axe (weapon)
Armour
 b - a +0 animal skin (worn)
Jewellery
 e - a ring of flight (left hand)
 p - an uncursed ring of fire {unknown}
Wands
 u - a wand of flame (11)
 v - a wand of digging (6)
Scrolls
 g - 3 scrolls of identify {unknown}
 h - a scroll of noise {unknown}
 i - 4 scrolls of remove curse {unknown}
 j - 5 scrolls of random uselessness {unknown}
 m - 2 scrolls of enchant weapon {unknown}
 o - 2 scrolls of fear {unknown}
 s - a scroll of amnesia {unknown}
 y - a scroll of teleportation {unknown}
 A - a scroll of enchant armour {unknown}
 B - a scroll of blinking {unknown}
Potions
 d - 3 potions of curing {unknown}
 f - 2 potions of flight {unknown}
 k - a potion of brilliance {unknown}
 l - 2 potions of cancellation {unknown}
 n - 3 potions of agility {unknown}
 q - a potion of ambrosia {unknown}
 r - a potion of lignification {unknown}
 t - a potion of degeneration {unknown}
 w - a potion of heal wounds {unknown}
 x - 2 potions of berserk rage {unknown}
Comestibles
 c - 6 rations
 z - 2 chunks of flesh


   Skills:
 + Level 5.0 Fighting
 + Level 4.2 Axes
 + Level 4.3 Armour
 + Level 3.2 Dodging


You had 6 spell levels left.
You didn't know any spells.
Your spell library was empty.

Dungeon Overview and Level Annotations

Branches:
Dungeon (4/15)
 Temple: D:4-7

Altars:
Nemelex Xobeh
Xom

Shops:
D:4 !


Innate Abilities, Weirdness & Mutations

You are resistant to torment.
Your stone body is resilient. (AC +4)
You are immune to poison.
You resist negative energy. (rN+)
You are resistant to electric shocks. (rElec)
You can survive without breathing.
You are immune to petrification.
You are immune to rotting.


Message History

The ogre is severely wounded.
The ogre hits you with a +0 giant club!
* * * LOW HITPOINT WARNING * * *
You are too injured to fight recklessly!
You are too injured to fight recklessly!
You are too injured to fight recklessly!
You are too injured to fight recklessly!
You are too injured to fight recklessly!
You are too injured to fight recklessly!
You are too injured to fight recklessly!
You are too injured to fight recklessly!
You are too injured to fight recklessly!
You are too injured to fight recklessly!
You are too injured to fight recklessly!
You are too injured to fight recklessly!
A red film seems to cover your vision as you go berserk!
You feel yourself moving faster!
You feel mighty!
You are feeling hungry.
The ogre hits you with a +0 giant club!
You die...

#........#..##..#'#..##.#
#........#..##.......##.#
.#..#........##.._..##..#
...>..........##...##..##
.#.............##.##..##
................###..##
.##..... ...........## .#
... .......##..# ..#
...........O@..## ....
...........####
.##..##....#####
...........##########
.<...# #............#
.##.. #............#
..... #............#
..... #....<.......#
..... #............#


You could see an ogre.

Vanquished Creatures
  An ogre (D:4)
  An orc priest (D:4)
  Jessica (D:3)
  Terence (D:3)
  3 orc wizards (D:4)
  An iguana (D:4)
  Robin (D:3)
  3 gnolls (D:3)
  3 adders
  3 oozes
  A worm (D:2)
  A dart slug (D:2)
  2 leopard geckos
  3 orcs
  A ball python (D:2)
  2 bats (D:3)
  8 giant cockroaches
  13 goblins
  16 hobgoblins
  10 jackals
  2 quokkas
  4 frilled lizards
  7 kobolds
  A quokka skeleton (D:3)
  4 rats
93 creatures vanquished.

Notes
Turn   | Place    | Note
-------+----------+-------------------------------------------
     0 | D:1      | Fang the Gargoyle Berserker began the quest for the Orb.
     0 | D:1      | Reached XP level 1. HP: 14/14 MP: 1/1
    77 | D:1      | Reached XP level 2. HP: 17/19 MP: 2/2
   627 | D:2      | Reached XP level 3. HP: 19/23 MP: 3/3
   664 | D:2      | Found a shimmering altar of Xom.
   720 | D:2      | Reached ** piety under Trog
  1345 | D:2      | Reached XP level 4. HP: 21/29 MP: 4/4
  1859 | D:3      | Noticed Robin
  1867 | D:3      | Reached skill level 4 in Fighting
  1870 | D:3      | Killed Robin
  1873 | D:3      | Reached *** piety under Trog
  2338 | D:3      | Noticed Jessica
  2346 | D:3      | Killed Jessica
  2346 | D:3      | Reached XP level 5. HP: 28/33 MP: 5/5
  2443 | D:3      | Noticed Terence
  2456 | D:3      | Killed Terence
  2985 | D:4      | Reached XP level 6. HP: 39/39 MP: 6/6
  3206 | D:4      | Reached skill level 5 in Fighting
  3206 | D:4      | Reached XP level 7. HP: 27/44 MP: 7/7
  3401 | D:4      | Found Hutsaq's Distillery.
  3436 | D:4      | Found a sparkling altar of Nemelex Xobeh.
  3464 | D:4      | Slain by an ogre

Skill      XL: |  1  2  3  4  5  6 |
---------------+-------------------+-----
Axes           | 3 4 |  4.2
Dodging        | 2 3 |  3.2
Armour         | 3 4 |  4.3
Fighting       | 4 5 |  5.0

Action                   |  1- 3 |  4- 6 |  7- 9 || total
-------------------------+-------+-------+-------++-------
Melee: Hand axe          |   159 |   156 |    10 ||   325
Invok: Berserk           |       |     3 |     1 ||     4
       Trog's Hand       |       |     1 |       ||     1
 Stab: Sleeping          |       |       |     1 ||     1
  Eat: Chunk             |     2 |     8 |     2 ||    12
Armor: Animal skin       |    43 |    55 |     1 ||    99
Dodge: Dodged            |   102 |   117 |     4 ||   223
